 Dungeon Crawl Stone Soup version 0.29.0-13-gc9e81de378 (webtiles) character file.

Game seed: 2057887349924914048

35030 keekatzer the Severer (level 13, -1/114 HPs)
             Began as a Yellow Draconian Monk on Sept 8, 2022.
             Was the Champion of Zin.
             Constricted to death by an anaconda (2 damage)
             ... while petrified by a basilisk
             ... on level 1 of the Lair of Beasts on Sept 9, 2022.
             The game lasted 01:30:42 (13403 turns).

keekatzer the Severer (Yellow Draconian Monk)      Turns: 13403, Time: 01:30:44

Health: -1/114     AC: 16    Str: 20    XL:     13   Next: 45%
Magic:  0/20       EV: -1    Int: 13    God:    Zin [******]
Gold:   504        SH:  0    Dex: 19    Spells: 12/12 levels left

rFire   + . .      SeeInvis .   U - +2 hand axe (flame)
rCold   . . .      Faith    .   (no shield)
rNeg    + + +      Spirit   +   (body armour unavailable)
rPois   ∞          Reflect  .   c - +2 hat
rElec   .          Harm     .   x - +1 cloak {Stlth+}
rCorr   +          Rampage  .   M - +0 pair of gloves
Will    .....                   s - +2 pair of boots
Stlth   +++.......              E - amulet of guardian spirit
HPRegen 0.29/turn               B - ring of protection from fire
MPRegen 0.17/turn               a - +4 ring of evasion

@: vitalised, short of breath, petrified, constricted
A: spit acid, AC +8, unfitting armour, cold-blooded, acid resistance
a: Breathe Acid, Renounce Religion, Recite, Vitalisation, Imprison, Sanctuary,
Donate Gold


You were on level 1 of the Lair of Beasts.
You worshipped Zin.
Zin was exalted by your worship.
You visited 2 branches of the dungeon, and saw 13 of its levels.
You also visited: Ossuary and Bailey.

You collected 1090 gold pieces.
You spent 492 gold pieces at shops.
You donated 94 gold pieces to Zin.

Inventory:

Hand Weapons
 l - the +5 lochaber axe {reach-cleave, poleaxe}
   (You bought it in a shop on level 4 of the Dungeon)

   It can be evoked to extend its reach, and strikes at all foes within reach,
   dealing less damage to those not targeted.
   It uses either Axes or Polearms skill, whichever is higher.
 U - a +2 hand axe of flaming (weapon)
Missiles
 t - 2 throwing nets (quivered)
Armour
 c - a +2 hat (worn)
 s - a +2 pair of boots (worn)
 x - a +1 cloak of stealth (worn)
 M - a +0 pair of gloves (worn)
Jewellery
 a - a +4 ring of evasion (right hand)
 B - a ring of protection from fire (left hand)
 E - an amulet of guardian spirit (around neck)
Wands
 A - a wand of flame (9)
 S - a wand of iceblast (12)
 V - a wand of mindburst (3)
Scrolls
 d - a scroll of amnesia
 e - 3 scrolls of blinking {unknown}
 i - 5 scrolls of poison
 j - 7 scrolls of teleportation
 o - 2 scrolls of immolation
 r - 10 scrolls of fear {unknown}
 u - 2 scrolls of butterflies {unknown}
 w - a scroll of acquirement {unknown}
 y - 4 scrolls of vulnerability {unknown}
 D - 2 scrolls of noise {unknown}
 I - 2 scrolls of torment {unknown}
 W - a scroll of enchant armour {unknown}
 X - a scroll of brand weapon {unknown}
Potions
 b - 6 potions of ambrosia
 k - 3 potions of curing
 n - 5 potions of mutation
 z - 2 potions of resistance
 H - 3 potions of lignification {unknown}
 J - 4 potions of cancellation
 K - 3 potions of magic {unknown}
 L - a potion of might
 N - 2 potions of flight {unknown}
 O - a potion of haste
 P - 4 potions of brilliance {unknown}
 Q - a potion of degeneration {unknown}
 Y - a potion of invisibility {unknown}
Miscellaneous
 v - a phantom mirror


   Skills:
 + Level 10.3 Fighting
 + Level 15.4(15.6) Axes
 - Level 3.0(10.5) Polearms
 + Level 8.6 Dodging
 - Level 1.7 Stealth
 * Level 10.3 Invocations
 - Level 5.5 Evocations


You had 12 spell levels left.
You didn't know any spells.
Your spell library contained the following spells:

 Spells                   Type           Power      Damage    Failure   Level
 Sandblast                Erth           0%         2d4       30%         1
 Slow                     Hex            0%         N/A       30%         1
 Sting                    Tmut/Pois      0%         1d3       30%         1
 Summon Small Mammal      Summ           0%         N/A       30%         1
 Passwall                 Tmut/Erth      0%         N/A       43%         2
 Poisonous Vapours        Pois/Air       0%         N/A       43%         2
 Call Canine Familiar     Summ           0%         N/A       67%         3
 Confusing Touch          Hex            0%         N/A       67%         3
 Dazzling Flash           Conj/Hex       0%         N/A       67%         3
 Portal Projectile        Hex/Tloc       0%         N/A       67%         3
 Stone Arrow              Conj/Erth      0%         3d7       67%         3
 Summon Guardian Golem    Hex/Summ       0%         N/A       67%         3
 Tukima's Dance           Hex            0%         N/A       67%         3
 Vampiric Draining        Necr           0%         2d6       67%         3
 Olgreb's Toxic Radiance  Pois           0%         N/A       97%         4
 Agony                    Necr           0%         N/A       100%        5
 Blade Hands              Tmut           0%         N/A       100%        5
 Silence                  Hex/Air        0%         N/A       100%        5


Dungeon Overview and Level Annotations

Branches:
Dungeon (12/15)            Temple (0/1) D:6            Lair (1/5) D:9
    Orc (0/2) D:9         Ossuary (visited)          Bailey (visited)

Altars:
Ashenzari
Cheibriados
Fedhas
Kikubaaqudgha
Nemelex Xobeh
Okawaru
Trog
Wu Jian
Zin

Shops:
D:4 (((   D:9 *

Annotations:
D:11 3 transporters, Fannar


Innate Abilities, Weirdness & Mutations

You can spit globs of acid.
Your golden yellow scales are hard. (AC +8)
You cannot fit into any form of body armour.
You are cold-blooded and may be slowed by cold attacks.
You are resistant to acid. (rCorr)


Message History

The anaconda bites you but does no damage.
The anaconda constricts you.
The anaconda bites you but does no damage.
The anaconda constricts you. The basilisk bites you.
The komodo dragon bites you!
* * * LOW HITPOINT WARNING * * *
The anaconda bites you.
* * * LOW HITPOINT WARNING * * *
The anaconda constricts you.
* * * LOW HITPOINT WARNING * * *
The anaconda bites you but does no damage.
The anaconda constricts you. The komodo dragon bites you!!
* * * LOW HITPOINT WARNING * * *
The basilisk bites you.
* * * LOW HITPOINT WARNING * * *
The anaconda bites you but does no damage.
The anaconda constricts you.
The basilisk is no longer covered in acid.
The anaconda bites you but does no damage.
The anaconda constricts you.
* * * LOW HITPOINT WARNING * * *
The basilisk gazes at you.
Your divine stamina protects you from petrification!
The komodo dragon bites you but does no damage.
The anaconda bites you but does no damage.
The anaconda constricts you. The basilisk gazes at you.
You easily resist.
The komodo dragon bites you!!
* * * LOW HITPOINT WARNING * * *
The anaconda bites you!
* * * LOW HITPOINT WARNING * * *
The anaconda constricts you.
The anaconda bites you but does no damage.
The anaconda constricts you.
The komodo dragon bites you but does no damage.
The basilisk bites you but does no damage.
The anaconda bites you! Zin protects you from harm!
The anaconda constricts you.
You die...

.......# ##..#.#######...........
##.....###≈.......≈###...........
##...###....≈≈....≈##...........
#.....#....~≈≈≈...##............
##...###..≈≈≈≈≈~..###...........
#....##..~≈≈≈≈≈≈≈.##............
##..####.≈≈≈≈≈≈~≈..##...........
#P...##...≈≈≈≈≈~...#............
##.....##...~≈≈l@S.###...........
#..#####≈...≈≈≈#l####............
...# ###≈.≈≈≈#.. ##..[........
.#.# ##..~≈##.. #............
..## #..≈≈≈#)[###........... ..#
####÷.~≈≈#.[~#............
..######.###..≈≈#!)##............
...#......##..≈≈#.!###.###.......
#.........#..≈≈≈# ##....#.......


You could see an anaconda, a komodo dragon and a basilisk.

Vanquished Creatures
  An orc warlord (Bailey)
  A dire elephant (Lair:1)
  2 hydras (Lair:1)
  A boulder beetle (D:9)
  8 death yaks (Lair:1)
  An ugly thing (D:12)
  A manticore (D:11)
  2 black mambas (Lair:1)
  Psyche (D:9)
  An unseen horror (D:10)
  2 komodo dragons (Lair:1)
  A queen bee (D:9)
  4 trolls
  2 hornets
  7 blink frogs (Lair:1)
  A slime creature (D:12)
  Sigmund (D:2)
  A shadow (D:10)
  2 wraiths
  2 wyverns (Lair:1)
  12 yaks
  3 steam dragons
  An acid dragon (D:8)
  4 water moccasins
  23 orc warriors
  2 ice beasts
  A sky beast (D:6)
  3 black bears
  An ogre (D:4)
  5 centaurs
  A wolf (D:9)
  A phantom (D:6)
  A kobold brigand (D:9)
  10 bullfrogs
  A necrophage (D:5)
  5 scorpions
  4 water moccasin zombies (Ossuary)
  13 wights
  A water moccasin skeleton (D:6)
  An electric eel (D:9)
  22 killer bees
  3 howler monkeys (D:9)
  A centaur zombie (D:6)
  15 hounds
  3 jellies (D:7)
  Crazy Yiuf (D:2)
  A gnoll bouda (D:9)
  6 orc priests
  2 iguanas (D:4)
  7 orc wizards
  2 mummies (Ossuary)
  12 gnolls
  7 adders
  A howler monkey skeleton (D:6)
  A shadow imp (D:6)
  An ufetubus (D:6)
  3 adder zombies (Ossuary)
  2 worms (D:4)
  2 dart slugs
  75 orcs
  7 bats
  9 endoplasms
  6 giant cockroaches
  16 goblins
  12 hobgoblins
  3 jackals (D:4)
  13 kobolds
  A quokka (D:5)
  6 ball pythons
  5 frilled lizards
  2 gnoll zombies (Ossuary)
  7 hobgoblin zombies (Ossuary)
  6 kobold zombies (Ossuary)
  9 orc zombies (Ossuary)
  6 rats
410 creatures vanquished.

Vanquished Creatures (others)
  10 fungi
  A plant (D:6)
  4 toadstools (D:5)
  A withered plant (D:8)
16 creatures vanquished.

Grand Total: 426 creatures vanquished

Notes
Turn   | Place    | Note
-------+----------+-------------------------------------------
     0 | D:1      | keekatzer the Draconian Monk began the quest for the Orb.
     0 | D:1      | Reached XP level 1. HP: 19/19 MP: 1/1
   185 | D:1      | Reached XP level 2. HP: 26/26 MP: 2/2
   708 | D:2      | Reached XP level 3. HP: 29/33 MP: 3/3
   940 | D:2      | Noticed Sigmund
  1262 | D:3      | Found a faded altar of an unknown god.
  1278 | D:3      | Prayed at the altar of an unknown god.
  1278 | D:3      | Became a worshipper of Zin the Law-Giver
  1278 | D:3      | Reached * piety under Zin
  1278 | D:3      | Reached ** piety under Zin
  1278 | D:3      | Reached *** piety under Zin
  1413 | D:3      | Found a broken altar of Ashenzari.
  1812 | D:3      | Reached XP level 4. HP: 36/41 MP: 4/4
  1837 | D:3      | Reached skill level 1 in Invocations
  2223 | D:2      | Found a runed translucent door.
  2224 | D:2      | Noticed Crazy Yiuf
  2242 | D:2      | Killed Crazy Yiuf
  2243 | D:2      | Reached XP level 5. HP: 12/47 MP: 6/6
  2250 | D:2      | HP: 2/47 [poisoned by Crazy Yiuf]
  2963 | D:2      | Killed Sigmund
  2964 | D:2      | Reached skill level 2 in Axes
  2964 | D:2      | Reached XP level 6. HP: 47/55 MP: 6/8
  3075 | D:1      | Reached **** piety under Zin
  3191 | D:4      | Found Uphuetif's Antique Weapon Shop.
  3218 | D:4      | Found Muesuje's Weapon Boutique.
  3494 | D:4      | Reached skill level 3 in Axes
  3625 | D:4      | Reached skill level 4 in Axes
  3625 | D:4      | Your scales start taking on a golden yellow colour.
  3625 | D:4      | Reached XP level 7. HP: 20/60 MP: 9/9
  3625 | D:4      | Gained mutation: You are resistant to acid. (rCorr) [Yellow
                  | Draconian growth]
  4205 | D:4      | Reached skill level 5 in Axes
  4303 | D:4      | Found Nueph's Antique Weapon Shop.
  4492 | D:5      | Entered Level 5 of the Dungeon
  4761 | D:5      | Reached ***** piety under Zin
  4785 | D:5      | Identified the +2 leather armour of Inviolability {Str+7}
  4954 | D:5      | Reached skill level 6 in Axes
  5395 | D:6      | Reached skill level 5 in Fighting
  5395 | D:6      | Reached XP level 8. HP: 42/68 MP: 9/11
  5665 | D:6      | Reached skill level 7 in Axes
  5666 | D:6      | Reached skill level 5 in Invocations
  5719 | D:6      | Found a staircase to the Ecumenical Temple.
  5781 | D:6      | Reached skill level 5 in Dodging
  5814 | D:6      | Reached skill level 8 in Axes
  5859 | D:6      | Found a bloodstained altar of Trog.
  6109 | D:7      | Reached XP level 9. HP: 75/75 MP: 12/12
  6152 | D:7      | Found an ornate altar of the Wu Jian Council.
  6198 | D:7      | Found a sand-covered staircase.
  6205 | Ossuary  | Entered an ossuary
  6293 | Ossuary  | Reached ****** piety under Zin
  6481 | D:7      | Reached skill level 9 in Axes
  6506 | D:7      | Found a snail-covered altar of Cheibriados.
  6565 | D:7      | Found an iron altar of Okawaru.
  6731 | D:7      | Found a blossoming altar of Fedhas.
  6731 | D:7      | Found a sparkling altar of Nemelex Xobeh.
  6958 | D:7      | Reached skill level 10 in Axes
  7057 | D:8      | Reached XP level 10. HP: 80/86 MP: 14/14
  7297 | D:8      | Found an ancient bone altar of Kikubaaqudgha.
  7658 | D:8      | You fall into a shaft and drop 3 floors!
  7658 | D:11     | Found a transporter.
  7658 | D:11     | Found a transporter.
  7658 | D:11     | Found a transporter.
  7720 | D:11     | Noticed a cyclops
  7785 | D:11     | Noticed a manticore
  7796 | D:11     | Noticed Fannar
  8122 | D:11     | Killed a manticore
  8598 | D:11     | Noticed a brown ugly thing
  8612 | D:12     | Killed a brown ugly thing
  8613 | D:12     | Reached skill level 11 in Axes
  8728 | D:10     | Entered Level 10 of the Dungeon
  8948 | D:10     | Found a flagged portal.
  8960 | Bailey   | Entered a bailey
  9451 | Bailey   | Reached XP level 11. HP: 35/94 MP: 7/16
  9799 | Bailey   | Noticed an orc warlord
 10066 | Bailey   | Killed an orc warlord
 10448 | D:9      | Reached skill level 12 in Axes
 10864 | D:4      | Bought the +5 lochaber axe {reach-cleave, poleaxe} for 492
                  | gold pieces
 10864 | D:4      | Found the +5 lochaber axe {reach-cleave, poleaxe}
 11175 | D:9      | Found a staircase to the Lair.
 11214 | D:9      | Noticed Psyche
 11217 | D:9      | Killed Psyche
 11240 | D:9      | Noticed a boulder beetle
 11257 | D:9      | Killed a boulder beetle
 11414 | D:9      | Found Faxyetio's Gadget Gallery.
 11754 | D:9      | Found a staircase to the Orcish Mines.
 11838 | D:9      | Reached skill level 13 in Axes
 11838 | D:9      | Reached skill level 5 in Evocations
 11838 | D:9      | Reached XP level 12. HP: 100/105 MP: 18/18
 11911 | Lair:1   | Entered Level 1 of the Lair of Beasts
 12119 | Lair:1   | Noticed a death yak
 12119 | Lair:1   | Noticed a death yak
 12120 | Lair:1   | Noticed a death yak
 12120 | Lair:1   | Noticed a death yak
 12120 | Lair:1   | Noticed a death yak
 12120 | Lair:1   | Noticed a death yak
 12141 | Lair:1   | Killed a death yak
 12142 | Lair:1   | Reached skill level 14 in Axes
 12143 | Lair:1   | Killed a death yak
 12145 | Lair:1   | Killed a death yak
 12146 | Lair:1   | Killed a death yak
 12147 | Lair:1   | Reached XP level 13. HP: 23/113 MP: 2/20
 12609 | Lair:1   | Reached skill level 10 in Fighting
 12826 | Lair:1   | Reached skill level 10 in Invocations
 12984 | Lair:1   | Reached skill level 15 in Axes
 13003 | Lair:1   | Noticed a dire elephant
 13333 | Lair:1   | Killed a dire elephant
 13402 | Lair:1   | HP: 4/114 [komodo dragon (8)]
 13402 | Lair:1   | HP: 1/114 [anaconda (3)]
 13403 | Lair:1   | Zin protects you from harm!
 13403 | Lair:1   | Constricted to death by an anaconda

Illustrated notes

Levels and vault maps discovered:
D:1:      onia_arrival_mini_spirals, layout_loops_cross, serial_rivers,
          chequers_serial_rivers_micro_e, chequers_serial_rivers_room_b,
          chequers_serial_rivers_room_a, chequers_serial_rivers_large_a,
          minmay_misc_feat_encased, chequers_serial_rivers_marsh,
          wander_ebering_terrifying_dragon_lair
D:2:      layout_basic, uniq_crazy_yiuf_cottage, uniq_sigmund
D:3:      layout_loops_ring, mainiacjoe_overflow_six_doors_small,
          hellmonk_ecumenical_altar_blasted
D:4:      minmay_inner_zag, layout_layer_cave, serial_shops, nicolae_shop_stone,
          shop, minmay_misc_feat_hallway, nicolae_inconvenience_store
D:5:      layout_basic, minmay_gold_behind_fungi
D:6:      minmay_evil_eye, layout_basic, lightli_temple_of_fire,
          minmay_temple_entry_glassed_door, serial_undead, serial_undead_e,
          serial_undead_d, serial_undead_d, serial_undead_e, serial_bayou_pond_a
D:7:      layout_basic, kennysheep_mini, mainiacjoe_overflow_paths,
          kennysheep_slug_shrine, grunt_temple_overflow_open,
          lightli_ossuary_entry_decrepit_ruins, serial_glass, glass_columns_a,
          glass_columns_a, hangedman_decor_clover_reticule
D:8:      layout_basic, kiku_gazebo_garden_becter, special_room
          [special_room_orc]
D:9:      layout_basic, erik_lair_island, hiddenorc1_lemuel, special_room
          [special_room_bee], kennysheep_doodads, minmay_misc_feat_room,
          nicolae_shop_gadgets, uniq_psyche
D:10:     layout_stronghold, nicolae_hepliaklqana_hazy_memory, enter_bailey_2
D:11:     layout_layer_cave, nicolae_diode_quadrants, uniq_fannar
D:12:     layout_roguey
Lair:1:   layout_layer_cave, chequers_serial_rivers_micro_e,
          nicolae_lair_lakeside_cave, grunt_megastairs_3, lemuel_fruit_tree

Skill      XL: |  1  2  3  4  5  6  7  8  9 10 11 12 13 |
---------------+----------------------------------------+-----
Dodging        | 3 4 5 6 7 8 |  8.6
Fighting       | 4 5 7 8 9 10 | 10.3
Invocations    | 1 3 4 5 6 7 9 10 | 10.3
Axes           | 2 4 6 8 10 11 13 14 15 | 15.4
Evocations     | 5 |  5.5
Polearms       | |  3.0
Stealth        | |  1.7

Action                   |  1- 3 |  4- 6 |  7- 9 | 10-12 | 13-15 || total
-------------------------+-------+-------+-------+-------+-------++-------
Melee: Spear             |   157 |    54 |       |       |       ||   211
       Punch             |     3 |       |    10 |     7 |       ||    20
       Tailslap          |    10 |    21 |    76 |    95 |    17 ||   219
       Hand axe          |       |   117 |   501 |   495 |    23 ||  1136
       Lochaber axe      |       |       |       |   115 |   103 ||   218
Invok: Recite            |       |       |       |     3 |       ||     3
       Vitalisation      |       |       |       |       |     1 ||     1
 Abil: Breathe Acid      |       |       |    22 |    45 |     5 ||    72
Evoke: Wand              |       |       |       |     4 |       ||     4
  Use: Scroll            |       |       |     6 |     5 |     1 ||    12
       Potion            |       |       |       |     4 |     2 ||     6
 Stab: Sleeping          |    13 |     4 |    17 |    11 |     2 ||    47
       Distracted        |       |     1 |       |     2 |       ||     3
       Confused          |       |       |       |     7 |       ||     7
       Paralysed         |       |       |       |     1 |       ||     1
Armor: Skin              |    55 |    59 |   159 |   190 |    56 ||   519
Dodge: Dodged            |    82 |    93 |   368 |   598 |   125 ||  1266
